[Event "*** Titled Tuesday Blitz"]
[Site "Chess.com"]
[Date "2020.05.26"]
[Round "1"]
[White "Vandros57"]
[Black "Vlad_Lukiianchuk"]
[Result "0-1"]
[WhiteElo "2156"]
[BlackElo "2524"]
[TimeControl "180+1"]
[EndTime "10:08:53 PDT"]
[Termination "Vlad_Lukiianchuk won on time"]

1. d4 Nf6 2. c4 e6 3. Nf3 d5 4. Nc3 c6 5. e3 Be7 6. b3 O-O 7.
Bb2 Nbd7 8. Be2 Re8 9. O-O Bd6 10. Qc2 dxc4 11. Bxc4 h6 12. h3 e5 13. dxe5 Nxe5 14.
Nxe5 Bxe5 15. Rad1 Qe7 16. a4 Bc7 17. Rfe1 Qe5 18. f4 Qc5 19. Qf2 Bb6 20. Nb1 Ne4 21. Qf3 Ba5 22. Bd4 Qe7 23. Rf1 Nd6 24. Bd3 Nf5 25.
Bxf5 Bxf5 26. Nd2 Rad8 27. Nc4 Bc7 28. Be5 Be6 29. Bxc7 Qxc7 30. e4 Bxc4 31. bxc4 Qb6+ 32. Kh1 Qc5 33. Qc3 Rxd1 34. Rxd1 Rxe4 35. Rd8+ Kh7 36.
Qd3 Qxc4 37. Qxc4 Rxc4 38. Rd7 Rxa4 39. Rxb7 Rxf4 40. Rxa7 c5 41. Rc7 c4 42. g3 Rf3 43.
Kg2 Rc3 44. g4 Kg6 45. h4 Kf6 46. Rc6+ Ke7 47. Rc7+ Ke8 48. g5 hxg5 49. hxg5 Rc1 50. Ra7 c3 51. Rc7 c2 52. Rc3 Ke7 53. Kh2 Ke6 54. Kg2 Kf5 55. Rc5+ Kg6 56. Kh2 Ra1 57. Rxc2 Ra5 58. Rc7 Rxg5 59. Kh3 f6 60. Kh4 Re5 61. Kg3 Kh6 62. Kh3 g5 63. Kg3 Kg6 64. Kg4 f5+ 65. Kg3 Re6 66. Rc5 Kf6 67. Kg2 Re4 68. Ra5 g4 69. Kg3 Kg5 70. Rb5 Re3+ 71. Kg2 Re6 72. Ra5 Kf6 73. Rb5 f4 74. Ra5 Re2+ 75. Kf1 Re5 0-1

[Event "*** Titled Tuesday Blitz"]
[Site "Chess.com"]
[Date "2020.05.26"]
[Round "1"]
[White "Manukyan_Artak"]
[Black "Twitch_ElhamBlitz05"]
[Result "0-1"]
[WhiteElo "2286"]
[BlackElo "2621"]
[TimeControl "180+1"]
[EndTime "10:08:57 PDT"]
[Termination "Twitch_ElhamBlitz05 won on time"]

1. e4 c6 2. d4 d5 3. e5 c5 4. dxc5 e6 5. a3 Nd7 6. b4 Nxe5 7. Bb2 Nd7 8. c4 Ngf6 9. Nc3 dxc4 10. Bxc4 Be7 11. Nf3 O-O 12. O-O a5 13. Nb5 axb4 14. axb4 Rxa1 15. Qxa1 Re8 16. Rd1 Bf8 17. h3 h6 18. Nd6 Bxd6 19. Rxd6 Qe7 20. Bb5 Rd8 21. Qd1 Nd5 22. Qd4 N7f6 23. Rxd8+ Qxd8 24. Ne5 Qc7 25. Bf1 Bd7 26. b5 Be8 27. Ng4 Qe7 28. Ba3 Qd7 29.
Ne5 Qc7 30. Bb2 Qc8 31. Ng4 Qc7 32. g3 Qe7 33. Ne5 Qc7 34. Ng4 Qa5 35. Nxf6+ Nxf6 36. Bc3 Qc7 37. Qd6 Qxd6 38. cxd6 Nd5 39. Bd4 Bd7 40. Bc4 f6 41. Bxd5 exd5 42. g4 Bxb5 43. f4 Kf7 44.
Kf2 Ke6 45. Bc5 Bc6 46. Ke3 Bb5 47. Kd4 Bf1 48. h4 Be2 49. g5 fxg5 50. hxg5 h5 51. Ba3 Bg4 52. d7 Kxd7 53. Kxd5 g6 54. Ke4 Bf5+ 55. Kd4 Kc6 56. Bb4 h4 57. Be1 h3 58.
Bg3 Kb5 59. Kc3 Ka4 60. Bh2 b5 61. Kb2 b4 62. Bg3 Kb5 63. Bh2 Kc4 64. Kc1 Kc3 65.
Bg3 b3 66. Be1+ Kd3 67. Bg3 Ke3 68. Kb2 Kf3 69. Bh2 Kg2 0-1

[Event "*** Titled Tuesday Blitz"]
[Site "Chess.com"]
[Date "2020.05.26"]
[Round "1"]
[White "H3nriqueTV"]
[Black "aa175"]
[Result "0-1"]
[WhiteElo "2203"]
[BlackElo "2550"]
[TimeControl "180+1"]
[EndTime "10:08:58 PDT"]
[Termination "aa175 won by resignation"]

1. e4 c5 2. Nf3 d6 3. d4 cxd4 4.
Nxd4 Nf6 5. Nc3 a6 6. g3 e5 7. Nb3 Be7 8. Bg2 O-O 9. O-O b5 10. h3 b4 11. Nd5 Nxd5 12. Qxd5 Qc7 13. Be3 Nc6 14. f4 Be6 15. Qd2 a5 16. f5 Bc4 17. Rfd1 a4 18. Nc1 Rfd8 19. Nd3 Qb7 20. b3 axb3 21. axb3 Bb5 22. Nxb4 Nxb4 23. Qxb4 d5 24.
Bc5 Bxc5+ 25. Qxc5 Rac8 26. Qf2 d4 27. f6 Rc3 28.
Kh1 Rdc8 29. Qf5 Rxg3 30. Qxe5 Rg6 31. Rxd4 Rxf6 32. Rad1 h6 33. Qg3 Rg6 34. Qf2 Qe7 35. c4 Bc6 36. Qf4 Re8 37. Bf3 Rf6 38. Qe3 Qe5 39. Rd8 Rxf3 40. Rxe8+ Qxe8 41. Qd4 Bxe4 42. Kh2 Rf2+ 43. Qxf2 Qb8+ 44. Qg3 Qa7 45. Rd8+ Kh7 46. Qe1 Qa2+ 47. Rd2 Qa8 48. Qe3 Qb8+ 49. Qg3 Qb7 50. Qf4 Bg6 51. Rg2 Qb4 52. Qe3 Qd6+ 53. Qg3 Qf6 54. h4 Be4 55. Rf2 Qd4 56. Qf4 f5 57. h5 Qf6 58. Qg3 Qf7 59. Qg6+ Qxg6 60. hxg6+ Kxg6 61. Kg3 Kf6 62. b4 g5 63. Rh2 f4+ 64. Kg4 Bf5+ 65. Kf3 Kg6 66. c5 h5 67. b5 Bd7 68.
c6 Be6 69. b6 Bd5+ 70. Ke2 Bxc6 71. Rf2 Kf5 72. Kd2 g4 73. Rf1 g3 74. Rb1 Kg4 75.
b7 Bxb7 76. Rxb7 g2 77. Rg7+ Kf3 78. Ke1 h4 79. Rg6 h3 80. Kd1 0-1

[Event "*** Titled Tuesday Blitz"]
[Site "Chess.com"]
[Date "2020.05.26"]
[Round "1"]
[White "Lector118"]
[Black "mishikomchedlishvili"]
[Result "0-1"]
[WhiteElo "2409"]
[BlackElo "2836"]
[TimeControl "180+1"]
[EndTime "10:08:59 PDT"]
[Termination "mishikomchedlishvili won by resignation"]

1. d4 d6 2. e4 Nf6 3. Nc3 g6 4. Bf4 Bg7 5. Qd2 c6 6. O-O-O b5 7. f3 b4 8. Nce2 a5 9. Kb1 h5 10. Nh3 Bxh3 11. gxh3 Nbd7 12. h4 Nb6 13. Nc1 Nfd7 14. Bh3 Rb8 15. Bg5 Qc7 16. Rhe1 e6 17. f4 c5 18.
dxc5 dxc5 19. e5 c4 20. Qd6 Qxd6 21. Rxd6 c3 22. b3 O-O 23. Nd3 Rfc8 24. Rd1 Bf8 25.
Rd4 Nc5 26. Bg2 Ncd7 27. Be4 Rc7 28. Ne1 Bc5 29. R4d3 Kf8 30. Nf3 Ke8 31. Nd4 Bxd4 32. Rxd4 Rbc8 33. Bf3 Rc5 34. Rd6 R5c7 35. R1d3 Rb8 36. a4 bxa3 37. Ka2 a4 38. Bc6 axb3+ 39. cxb3 c2 40. Rc3 Rbc8 41. Rxc2 Kf8 42. b4 Nd5 43.
Kb3 N7b6 44. b5 Ra7 45. Ra2 Ra4 46. Rxa3 Rb4+ 47. Kc2 Rxb5 48. Rb3 Rc5+ 49. Kb2 R5xc6 50. Rxc6 Rxc6 51. Ra3 Ke8 52. Ra7 Rc7 53. Ra6 Nc4+ 54.
Kb3 Kd7 55. Ra8 Nd2+ 56. Kb2 Ne4 57. Rd8+ Kc6 58. Rf8 Rb7+ 59. Kc2 Nxg5 60. hxg5 Ne3+ 61. Kd3 Nf5 62. Ke4 Rd7 63. Re8 Rd4+ 64. Kf3 h4 65. Rf8 Rd7 66. Re8 Kd5 67. Rf8 Kd4 68. Re8 Kd3 69. Rf8 h3 70. Kg4 Ke4 71. Rd8 Ne3+ 72. Kg3 Rxd8 73. Kxh3 0-1

[Event "*** Titled Tuesday Blitz"]
[Site "Chess.com"]
[Date "2020.05.26"]
[Round "1"]
[White "abubakrtagelsir"]
[Black "Witik"]
[Result "0-1"]
[WhiteElo "2305"]
[BlackElo "2656"]
[TimeControl "180+1"]
[EndTime "10:09:01 PDT"]
[Termination "Witik won by resignation"]

1. e4 c6 2. d4 d5 3. f3 e6 4. Nc3 Bb4 5. Be3 Ne7 6. a3 Bxc3+ 7. bxc3 Qa5 8. Qd2 Qa4 9. Bd3 b6 10. Ne2 Ba6 11. O-O Nd7 12. Ng3 O-O 13. Bf4 Rfc8 14. Bd6 Ng6 15. e5 c5 16. f4 Bxd3 17. Qxd3 cxd4 18.
cxd4 Qxc2 19. Qf3 Qc3 20. Qxc3 Rxc3 21. f5 exf5 22. Nxf5 Ndf8 23. Bxf8 Rxf8 24. h4 h5 25. Rac1 Rfc8 26. Rxc3 Rxc3 27. Nd6 Rc7 28. Nb5 Rd7 29. g3 Nf8 30. Kf2 Ne6 31. Ke3 a6 32. Nd6 Rc7 33. Kd3 b5 34. Rf5 g6 35. Rf6 Kf8 36. Rf2 Kg8 37. Ra2 Rc1 38. Rf2 Rg1 39. Rf3 Nd8 40. Ne8 Ra1 41. Nf6+ Kg7 42. Kc2 Ne6 43.
Kb2 Rd1 44. Nxd5 Rxd4 45. Nb4 Re4 46. Nc6 Re2+ 47. Kc1 Re4 48. Kd2 Ra4 49. Rc3 Nd4 50.
Kd3 Nxc6 51. Rxc6 Rxa3+ 52. Ke4 Rxg3 53. Rc7 Kg8 54. Kd5 Rd3+ 55. Ke4 Rd1 56. Kf4 b4 57. Kg5 Kg7 58. e6 Rd5+ 59. Kf4 Rf5+ 60. Ke4 Kf6 61. e7 Re5+ 62. Kd4 Rxe7 63. Rc6+ Re6 64. Rc5 Kg7 65. Kc4 Rf6 66. Ra5 Rf4+ 67. Kb3 Rxh4 68. Rxa6 Rg4 0-1

[Event "*** Titled Tuesday Blitz"]
[Site "Chess.com"]
[Date "2020.05.26"]
[Round "1"]
[White "Cambek64"]
[Black "Rozum_Ivan"]
[Result "0-1"]
[WhiteElo "2275"]
[BlackElo "2612"]
[TimeControl "180+1"]
[EndTime "10:09:01 PDT"]
[Termination "Rozum_Ivan won on time"]

1. d4 Nf6 2. Nf3 e6 3. Bf4 b6 4. e3 Bb7 5. Be2 Be7 6. h3 O-O 7. O-O d5 8. Nbd2 Nbd7 9. c3 Bd6 10. Ne5 Qb8 11. Bd3 c5 12. Nxd7 Nxd7 13. Bxd6 Qxd6 14. f4 Nf6 15. Qb1 Rac8 16. a3 a5 17. g4 Qc6 18.
Rc1 b5 19. b4 c4 20. Bc2 Ra8 21. g5 Ne4 22. Nxe4 dxe4 23. a4 bxa4 24. Bxa4 Qd5 25. bxa5 Rxa5 26. Bd1 Rxa1 27. Qxa1 f6 28. gxf6 Rxf6 29.
Qa7 h6 30. Rb1 Bc6 31. Rb8+ Kh7 32. Qc7 Rg6+ 33. Kh2 Rf6 34. Qd8 Qxd8 35. Rxd8 Bd5 36. h4 Rf7 37. Rd6 Ra7 38. Bg4 Ra2+ 39. Kg1 Rc2 40.
Bxe6 Bxe6 41. Rxe6 Rxc3 42. Rxe4 Rd3 43. d5 c3 44. Rc4 Rxe3 45. Kf2 Rd3 46. Ke2 Rd2+ 47.
Ke3 Rxd5 48. Rxc3 Rh5 49. Ke4 Rxh4 50. Rc7 Rh1 51. Rc6 Rg1 52. Kf3 Re1 53. Kf2 Re7 54. Kf3 Rf7 55. Kg4 Rf8 56. Rc7 Re8 57. Rc5 Rd8 58.
Rc6 Rd7 59. Re6 Rd5 60. Rc6 Kg8 61. Rc7 Kf8 0-1

[Event "*** Titled Tuesday Blitz"]
[Site "Chess.com"]
[Date "2020.05.26"]
[Round "1"]
[White "Majesth"]
[Black "Fandorine"]
[Result "1/2-1/2"]
[WhiteElo "2441"]
[BlackElo "2897"]
[TimeControl "180+1"]
[EndTime "10:09:03 PDT"]
[Termination "Game drawn - insufficient material"]

1. d4 Nf6 2. Nc3 d5 3. Bf4 g6 4.
Nb5 Na6 5. e3 Bg7 6. Nf3 c6 7.
Nc3 Nc7 8. Ne5 O-O 9. Be2 Nce8 10. O-O Nd6 11. h3 a5 12. a4 Nd7 13. Qd2 Re8 14.
Rad1 Qb6 15. b3 f6 16. Nxd7 Bxd7 17. Bf3 e5 18. dxe5 fxe5 19. Bh2 e4 20. Bg4 Bxg4 21.
hxg4 Nf7 22. Ne2 Ng5 23. Nd4 Rad8 24. Bf4 Nf7 25. Qe2 Qb4 26. c4 dxc4 27. Qxc4 Qxc4 28. bxc4 Be5 29. Nb3 Bxf4 30. exf4 Rd3 31. Rxd3 exd3 32.
Rd1 Re4 33. Nxa5 b6 34. Nxc6 Rxc4 35. Ne7+ Kf8 36. Nd5 Rxa4 37. Rxd3 Ra1+ 38. Kh2 b5 39. Rb3 Nd6 40. Nc7 Ra5 41. Kg3 Ke7 42. Kf3 Kd7 43.
Nd5 Kc6 44. Ne3 Kc5 45. f5 Ra7 46. fxg6 hxg6 47. Kg3 Ne4+ 48. Kf4 Nxf2 49. Kg5 Ra6 50. Nc2 Ne4+ 51. Kf4 Nd2 52. Rc3+ Nc4 53. Rd3 Rf6+ 54. Kg5 Re6 55. Nd4 Ra6 56. Nb3+ Kb4 57. Nd4 Ne5 58. Nc2+ Kc4 59. Re3 Nd3 60. Kh6 Rd6 61. g5 b4 62.
Nxb4 Nxb4 63. Rf3 Nc6 64. Rf6 Rxf6 65. gxf6 Ne5 66. Kg7 Kd5 67. g4 g5 68. Kh6 Ke6 69. Kxg5 Nf7+ 70. Kf4 Kxf6 71. g5+ Kg6 72. Ke3 Nxg5 1/2-1/2

[Event "*** Titled Tuesday Blitz"]
[Site "Chess.com"]
[Date "2020.05.26"]
[Round "1"]
[White "Oneofmyturns"]
[Black "Hydrargyrum_Girl"]
[Result "1-0"]
[WhiteElo "2661"]
[BlackElo "2305"]
[TimeControl "180+1"]
[EndTime "10:09:06 PDT"]
[Termination "Oneofmyturns won by resignation"]

1. d4 Nf6 2. c4 g6 3. Nc3 Bg7 4. e4 d6 5. h3 O-O 6. Be3 e5 7. d5 a5 8. g4 Na6 9. Nge2 Nd7 10. Ng3 Ndc5 11. h4 c6 12. h5 cxd5 13. cxd5 Bd7 14. f3 a4 15. Qd2 a3 16. b3 Qa5 17. Rc1 Rac8 18. Be2 Rc7 19. Nb5 Qxd2+ 20. Kxd2 Bxb5 21.
Bxb5 Rfc8 22. Rc4 Nb8 23. Rhc1 Nca6 24. Bb6 Rxc4 25. Rxc4 Rxc4 26. bxc4 Bf8 27. Kc3 Be7 28. hxg6 hxg6 29. Kb3 Bg5 30. Kxa3 Bd2 31. Kb3 Be1 32. Ne2 Kf8 33. Nc1 Ke7 34. Nd3 Bd2 35.
Kc2 Bg5 36. a4 Nd7 37. Bf2 Nab8 38. a5 Bf4 39. Nb4 Nf6 40. Ba7 Nbd7 41. a6 bxa6 42. Nc6+ Kf8 43. Bxa6 Bg3 44. Bc8 Kg7 45. Be3 Nc5 46.
Bxc5 dxc5 47. Nd8 Nh7 48. Nb7 Ng5 49. d6 Bh4 50. d7 Nxf3 51. d8=Q Bxd8 52. Nxd8 Nd4+ 53.
Kd3 Nf3 54. Nb7 Ng5 55. Nxc5 Nf3 56. Ke3 Ng5 57. Nb7 Nh3 58. c5 Nf4 59. c6 Kf8 60.
Na5 Ke7 61. Nc4 Ng2+ 62. Kf2 Nf4 63. Ke3 f6 64. Ba6 Ng2+ 65. Kf2 Nf4 66. Kf3 Nd3 67. Nb6 Nc5 68. Nd5+ Kd6 69. c7 Nxa6 70. c8=Q Nc5 71. Qf8+ Kc6 72. Qxf6+ Kb5 73. Qxe5 Nd3 74. Qf6 Kc4 75.
Ke3 Nc5 76. Qd4+ Kb5 77. Nc3+ Kc6 78. Qd5+ Kb6 79. Qd6+ 1-0

[Event "*** Titled Tuesday Blitz"]
[Site "Chess.com"]
[Date "2020.05.26"]
[Round "1"]
[White "Pultis"]
[Black "Tenamu"]
[Result "1-0"]
[WhiteElo "2718"]
[BlackElo "2354"]
[TimeControl "180+1"]
[EndTime "10:09:08 PDT"]
[Termination "Pultis won by resignation"]

1. d4 Nf6 2. c4 e6 3. Nf3 c5 4. d5 exd5 5. cxd5 d6 6. Nc3 g6 7. h3 Bg7 8. Bf4 O-O 9. Nd2 a6 10.
a4 Qc7 11. Nc4 Ne8 12. e3 Nd7 13. Be2 b6 14. O-O Bb7 15. Qb3 Rb8 16. Rfd1 Ba8 17. Ne4 Ne5 18. Bxe5 dxe5 19. d6 Qd8 20. d7 Bxe4 21.
dxe8=Q Qxe8 22. Nd6 Qc6 23. f3 Bf5 24. Nxf5 gxf5 25.
Bxa6 Rbd8 26. Bc4 Qg6 27. Rxd8 Rxd8 28. Rd1 Rxd1+ 29. Qxd1 Bh6 30. Kf2 Qg5 31. Qd3 e4 32. fxe4 fxe4 33. Qxe4 Qf6+ 34. Kg3 Qd6+ 35. Kf2 Qf6+ 36.
Kg1 Bf8 37. Qd5 Bh6 38. Qe4 Kh8 39. Qe8+ Kg7 40. b3 Bg5 41. Qe4 Qa1+ 42. Kf2 Qf6+ 43. Ke2 Qb2+ 44. Kf3 Qf6+ 45. Ke2 Qb2+ 46. Kf1 Qa1+ 47.
Kf2 Qf6+ 48. Kg1 Qa1+ 49. Kh2 Qf6 50. Bd3 Qd6+ 51. Kg1 Qf6 52. Qxh7+ Kf8 53. Qe4 Qa1+ 54. Kh2 Qf6 55. Qa8+ Kg7 56. Qe4 Bh4 57. Qg4+ Kf8 58. Qf5 Qd6+ 59. Kg1 Qg3 60. Qc8+ Ke7 61. Qb7+ Kf8 62.
Qf3 Qe1+ 63. Kh2 Qc3 64. Bc4 Qe5+ 65. Qf4 Qxf4+ 66. exf4 Kg7 67. g3 Bf6 68. Kg2 Bd4 69. Kf3 f5 70. Bd3 Kf6 71. g4 fxg4+ 72. hxg4 Bc3 73.
g5+ Kg7 74. Kg4 Bb2 75. f5 Bc3 76. Bc4 Bd4 77. f6+ Kg6 78. Bd3+ Kf7 79. Kf5 Bc3 80. Bc4+ 1-0

[Event "*** Titled Tuesday Blitz"]
[Site "Chess.com"]
[Date "2020.05.26"]
[Round "1"]
[White "Matveev_Vladimir"]
[Black "Nayemhaque22"]
[Result "1-0"]
[WhiteElo "2559"]
[BlackElo "2208"]
[TimeControl "180+1"]
[EndTime "10:09:09 PDT"]
[Termination "Matveev_Vladimir won by checkmate"]

1. d4 Nf6 2. c4 e6 3. Nf3 d5 4. g3 Nbd7 5. Bg2 dxc4 6. Qa4 c5 7.
Qxc4 Nb6 8. Qd3 cxd4 9. Qxd4 Qxd4 10. Nxd4 Bb4+ 11. Bd2 Bxd2+ 12. Nxd2 O-O 13. O-O e5 14. Nb5 Nbd5 15. Nc4 e4 16. Nbd6 Be6 17. Nxb7 Nb4 18. Nbd6 Rab8 19. a3 Nc2 20. Rac1 Nd4 21. Rfe1 Rfd8 22.
Nxe4 Nxe4 23. Bxe4 Bxc4 24. Rxc4 Rxb2 25. Kf1 Nb3 26.
Rc2 Nd2+ 27. Kg2 Rxc2 28. Bxc2 g6 29. Rd1 Kg7 30. f3 Kf6 31. Kf2 Ke7 32. Bd3 Nb3 33. Rb1 Nc5 34. Ke3 Nxd3 35. exd3 Rd7 36. d4 Kd6 37.
Rb5 Kc6 38. Rc5+ Kb6 39. h4 a5 40. h5 Re7+ 41. Re5 Rc7 42. Kd3 Ka6 43. g4 a4 44. Re8 Rb7 45. Ra8+ Kb5 46. h6 Rd7 47. g5 f5 48. f4 Re7 49. Rb8+ Ka6 50. Rg8 Re1 51. Rg7 Rd1+ 52. Kc4 Rc1+ 53. Kb4 Rb1+ 54. Kxa4 Rf1 55. Rxh7 Rxf4 56. Kb3 Rxd4 57. Rg7 Rh4 58.
Rxg6+ Kb5 59. Rf6 f4 60. a4+ Kc5 61. a5 Kb5 62. a6 Rh3+ 63. Kc2 Rh2+ 64. Kd3 Ra2 65.
Rxf4 Rxa6 66. h7 Ra3+ 67. Ke4 Rh3 68. g6 Rh6 69. g7 Rxh7 70. g8=Q Re7+ 71. Kf5 Kc6 72.
Rc4+ Kd7 73. Qd5+ Ke8 74. Rc8# 1-0

[Event "*** Titled Tuesday Blitz"]
[Site "Chess.com"]
[Date "2020.05.26"]
[Round "1"]
[White "The_Machine04"]
[Black "Borsuk_Konstantin"]
[Result "1/2-1/2"]
[WhiteElo "2280"]
[BlackElo "2602"]
[TimeControl "180+1"]
[EndTime "10:09:10 PDT"]
[Termination "Game drawn - insufficient material"]

1. d4 Nf6 2. Bg5 e6 3. Nd2 h6 4. Bh4 c5 5. e4 cxd4 6. e5 g5 7. Bg3 Nd5 8. h4 gxh4 9. Bxh4 Qb6 10. Bc4 Nf4 11. Kf1 Nc6 12. Ngf3 Bg7 13. Ne4 Nxe5 14. Nf6+ Bxf6 15. Bxf6 Nxc4 16. Bxh8 Nxb2 17. Qxd4 Qb5+ 18. c4 Qxc4+ 19. Qxc4 Nxc4 20. Rxh6 Ng6 21. Bf6 d5 22. Nh4 Nxh4 23. Rxh4 b6 24. Ke1 Kd7 25. Rd1 Ba6 26.
Rh7 Nd6 27. Be5 Rf8 28. Rc1 Bd3 29. Rg7 Bg6 30. Bxd6 Kxd6 31. g4 Rh8 32. Ke2 b5 33. Ke3 Rh3+ 34. f3 Be4 35. Rxf7 Ke5 36. Rf1 d4+ 37.
Ke2 Bd5 38. g5 Bc4+ 39. Kf2 Bxf1 40. g6 Rh6 41. g7 Rg6 42. Kxf1 a5 43. Ke2 b4 44. Kd3 Kd5 45. Rd7+ Kc5 46. Rc7+ Kd5 47. Ra7 Kd6 48. Ra6+ Kd5 49. Rxa5+ Kc6 50. Ra7 Kc5 51. Rc7+ Kd5 52. Rd7+ Kc5 53. Rxd4 Rxg7 54. Rc4+ Kb5 55. Rc2 Rf7 56. Ke4 Ka4 57. f4 Rf5 58. Rc6 Ka3 59. Ra6+ Kb2 60. Rb6 Ka3 61. Rxe6 Ra5 62. Rb6 Ra4 63. Ke5 Kxa2 64. f5 Ra5+ 65. Ke4 Rxf5 66. Kxf5 b3 67. Ra6+ Kb1 68. Ke4 b2 69. Kd3 Kc1 70.
Rc6+ Kd1 71. Rb6 Kc1 72. Rc6+ Kd1 73. Rb6 Kc1 74. Kc3 b1=Q 75. Rxb1+ Kxb1 1/2-1/2

[Event "*** Titled Tuesday Blitz"]
[Site "Chess.com"]
[Date "2020.05.26"]
[Round "1"]
[White "TrenerChos"]
[Black "AlexTriapishko"]
[Result "0-1"]
[WhiteElo "2380"]
[BlackElo "2747"]
[TimeControl "180+1"]
[EndTime "10:09:17 PDT"]
[Termination "AlexTriapishko won by resignation"]

1. e4 e5 2. Nf3 Nc6 3. Bb5 a6 4. Ba4 d6 5. O-O Nf6 6. Re1 Bd7 7. c3 g6 8. d3 Bg7 9. Nbd2 O-O 10.
Nf1 Re8 11. h3 h6 12. Ne3 Kh7 13.
Bb3 Be6 14. a3 d5 15. Bc2 Qd7 16. Nh2 dxe4 17. dxe4 Qxd1 18. Rxd1 Rad8 19. Bd2 Na5 20. Be1 Bb3 21. Rxd8 Rxd8 22. Bxb3 Nxb3 23. Rd1 Rxd1 24.
Nxd1 Nxe4 25. Nf3 Nec5 26. Kf1 e4 27. Nd2 f5 28. Ke2 Nc1+ 29. Kf1 N5d3 30. Nc4 Nb3 31. Ke2 b5 32. Nce3 c6 33. Nc2 a5 34. f3 Nbc1+ 35. Kd2 exf3 36. gxf3 Nxe1 37. Kxe1 Be5 38. Kd2 Bf4+ 39. Nce3 Nb3+ 40. Kd3 Nc5+ 41. Kd4 Ne6+ 42. Kd3 a4 43. Nc2 Bd6 44. Ke2 Kg7 45. Nf2 Kf6 46. Nd3 g5 47. Ncb4 Bxb4 48. axb4 h5 49.
Ke3 Ke7 50. Ne5 Kd6 51. Nf7+ Kd5 52. Nh6 Kc4 53. Nxf5 Kb3 54. Ne7 Kxb2 55. Nxc6 a3 56. c4 a2 57. cxb5 a1=Q 58. b6 Qg1+ 59. Ke4 Qxb6 60.
Kd5 Nf4+ 61. Kd6 Kb3 62. b5 Kc4 63. Kd7 Kxb5 64. Ne7 Qe6+ 65. Ke8 Ng6 0-1

[Event "*** Titled Tuesday Blitz"]
[Site "Chess.com"]
[Date "2020.05.26"]
[Round "1"]
[White "HrvojeZagreb"]
[Black "tsvet2005"]
[Result "1/2-1/2"]
[WhiteElo "2175"]
[BlackElo "2517"]
[TimeControl "180+1"]
[EndTime "10:09:23 PDT"]
[Termination "Game drawn - insufficient material"]

1. d4 d5 2. Bf4 c5 3. e3 Nc6 4.
Nc3 cxd4 5. exd4 Bf5 6. Bd3 Bxd3 7. Qxd3 e6 8. Nf3 Bb4 9. O-O Nf6 10. Ne2 O-O 11.
c3 Bd6 12. Rfe1 Bxf4 13. Nxf4 Qd6 14. Ne5 Nd7 15. Nxd7 Qxd7 16. Re3 b5 17. Rh3 g6 18. Qg3 Qe7 19. Re1 Rfd8 20. Rh6 Qf6 21. Nd3 b4 22. Qh3 bxc3 23. bxc3 Qg7 24. Ne5 Nxe5 25. Rxe5 Rab8 26.
g3 Rdc8 27. g4 Rxc3 28. Qxc3 Qxh6 29. Qc7 Rb1+ 30. Kg2 Qf4 31. h3 Qxd4 32. g5 Qf4 33.
Qd8+ Kg7 34. Re3 Rb7 35. Rf3 Qd4 36. h4 Qg4+ 37. Rg3 Qe4+ 38. Rf3 Qd4 39. Kg3 Rb1 40. Qf6+ Qxf6 41. gxf6+ Kf8 42. Rc3 Rb8 43. Rc7 Rd8 44. Kf4 d4 45. Rc2 Ke8 46. Rd2 Rd5 47. Ke4 d3 48. Rxd3 Rxd3 49. Kxd3 Kd7 50. Kd4 Kd6 51.
f4 h6 52. Ke4 Kc5 53. Ke5 a6 54. a3 a5 55. a4 h5 56. Ke4 Kb4 57. Ke5 Kc5 58. Ke4 Kb4 59. Ke5 Kxa4 60. Kd6 Kb4 61. Ke7 a4 62. Kxf7 a3 63. Kg7 a2 64. f7 a1=Q+ 65. Kg8 Kc4 66. f8=Q Kd5 67. Qd8+ Ke4 68. Qg5 Qa8+ 69. Kh7 Qe8 70. Qe5+ Kf3 71. Qg5 Qf7+ 72. Kh6 Qxf4 73. Kxg6 Qe4+ 74. Kxh5 e5 75. Qf6+ Ke3 76.
Kg5 Qf4+ 77. Kg6 Qxf6+ 78. Kxf6 Kf4 79. h5 e4 80. h6 e3 81. h7 e2 82. h8=Q e1=Q 83.
Qh6+ Kf3 84. Qh5+ Kf2 85. Qh4+ Kf1 86. Qxe1+ Kxe1 1/2-1/2

[Event "*** Titled Tuesday Blitz"]
[Site "Chess.com"]
[Date "2020.05.26"]
[Round "1"]
[White "Vesper2018"]
[Black "SirMittensofMittensville"]
[Result "0-1"]
[WhiteElo "2279"]
[BlackElo "2613"]
[TimeControl "180+1"]
[EndTime "10:09:25 PDT"]
[Termination "SirMittensofMittensville won by resignation"]

1. e4 e5 2. Nf3 Nc6 3. Bc4 Bc5 4. d3 Nf6 5. Bg5 O-O 6. O-O Be7 7. c3 h6 8. Bh4 d6 9. a4 Nh5 10. Bg3 Nxg3 11. fxg3 Kh8 12. Nbd2 f5 13. a5 a6 14. b4 f4 15. gxf4 Rxf4 16. Qb3 Bg4 17. Rf2 Qd7 18. Raf1 Raf8 19. h3 Bh5 20. Be6 Qe8 21.
Bf5 Bf7 22. Be6 Bxe6 23. Qxe6 Bh4 24. Qxe8 Bxf2+ 25. Rxf2 Rxe8 26. Nc4 Ref8 27. Ne3 Ne7 28. Re2 g6 29. Kf2 Kg7 30. Rb2 c6 31. c4 Ra8 32.
Ke2 Rff8 33. c5 d5 34. Nxe5 Rad8 35. Nf3 dxe4 36. dxe4 Rf4 37. Nd2 h5 38. g3 Rf6 39.
Nec4 Re6 40. Nd6 Rd7 41. N2c4 Nf5 42. g4 hxg4 43. hxg4 Nd4+ 44. Kd3 Nb5 45. Rf2 Rf6 46. Rxf6 Kxf6 47. e5+ Ke6 48. Ke4 Rh7 49. Ne3 Nc3+ 50.
Kd4 Ne2+ 51. Ke4 Nc3+ 52. Kd4 Na2 53. Ng2 g5 54. Ne3 Nxb4 55. Ne4 Rg7 56. Nf5 Rg6 57.
Nfd6 Nd5 58. Nxb7 Nf4 59. Nd8+ Kd7 60. Nf7 Ne6+ 61. Kc4 Rg7 62. Nfd6 Rh7 63. Nf5 Rh1 64. Nf6+ Kc7 65. Ne8+ Kd8 66. Nf6 Rg1 67. Nd6 Rc1+ 68. Kb4 Nxc5 69. Nf7+ Ke7 70. Nxg5 Nd3+ 71. Kb3 Nxe5 72.
Nge4 Rg1 73. g5 Nf3 74. Nc5 Nxg5 75. Ng8+ Kf8 76. Nf6 Ra1 77. Kb4 Ke7 78. Nfd7 Ne6 79. Nxe6 Kxe6 80. Nc5+ Kd5 81. Nxa6 Rb1+ 82. Ka4 c5 83. Nc7+ Kc6 84. Ne6 Ra1+ 85. Kb3 Rxa5 86. Kc4 Ra4+ 87. Kc3 Re4 88. Ng5 Re3+ 89. Kc4 Re5 90.
Nf3 Re4+ 91. Kd3 Rf4 92. Ne5+ Kd5 0-1

[Event "*** Titled Tuesday Blitz"]
[Site "Chess.com"]
[Date "2020.05.26"]
[Round "1"]
[White "CrazyMartian"]
[Black "Olkaa"]
[Result "1/2-1/2"]
[WhiteElo "2299"]
[BlackElo "2618"]
[TimeControl "180+1"]
[EndTime "10:09:34 PDT"]
[Termination "Game drawn by stalemate"]

1. d4 Nf6 2. c4 c5 3. d5 b5 4.
cxb5 a6 5. bxa6 g6 6. Nc3 Bg7 7. e4 O-O 8. Nf3 Qa5 9. Bd2 Bxa6 10. Be2 d6 11. O-O Bxe2 12. Qxe2 Qa6 13. Rfe1 Qxe2 14.
Rxe2 Nbd7 15. Rd1 Ng4 16. h3 Nge5 17. Nxe5 Nxe5 18. Be1 Rfb8 19. b3 c4 20. bxc4 Nxc4 21. Rb1 Rxb1 22. Nxb1 Rb8 23. Nd2 Rb2 24. Kf1 Na3 25.
Nb3 Rb1 26. f3 h5 27. h4 Nb5 28. Kf2 Bf6 29. g3 Kg7 30. Kg2 Na3 31. Bf2 Nb5 32.
Rc2 Nc3 33. Bd4 Bxd4 34. Nxd4 Na4 35. Ne2 Nb6 36. Nf4 Ra1 37. Rf2 Nc4 38. Re2 Ne5 39. Kf2 Nc4 40. Kg2 Na3 41. Nd3 Nb5 42. Nf2 Nc3 43.
Rc2 Nxa2 44. g4 hxg4 45. Nxg4 Nb4 46. Rd2 Ra2 47. Rxa2 Nxa2 48. Kg3 Nc3 49. Ne3 Ne2+ 50. Kf2 Nf4 51. Ng4 Nh5 52. Nh2 Nf6 53. Nf1 Nd7 54. Ne3 Nc5 55. h5 gxh5 56. Kg2 Kf6 57. Nf5 Nd3 58.
Kg3 e6 59. Nxd6 exd5 60. exd5 Ne5 61. Ne4+ Kf5 62. Nd6+ Kf6 63. Kf4 Ng6+ 64. Kg3 h4+ 65. Kh3 Ke7 66. Nf5+ Kf6 67. Nxh4 Nf4+ 68. Kg4 Nxd5 69. f4 Ne7 70. Kf3 Nd5 71. Ng2 Ne7 72. Ne3 Ng6 73. Ng4+ Kg7 74. Ne3 f6 75. Ng2 Kf7 76.
Ne3 Ke6 77. Ng4 Ne7 78. Ne3 Nd5 79. Nxd5 Kxd5 80. Kg4 Ke4 81. f5 Ke5 82. Kg3 Kxf5 83. Kf3 Kg5 84. Kg3 f5 85. Kf3 f4 86. Kf2 Kf5 87. Kf3 Ke5 88. Kf2 Ke4 89. Ke2 f3+ 90. Kf2 Kf4 91. Kf1 Kg3 92. Kg1 f2+ 93. Kf1 Kf3 1/2-1/2

[Event "*** Titled Tuesday Blitz"]
[Site "Chess.com"]
[Date "2020.05.26"]
[Round "1"]
[White "kagg1125"]
[Black "malakismayil"]
[Result "1/2-1/2"]
[WhiteElo "2605"]
[BlackElo "2287"]
[TimeControl "180+1"]
[EndTime "10:09:42 PDT"]
[Termination "Game drawn by stalemate"]

1. c4 e5 2. Nc3 Nf6 3. Nf3 Nc6 4.
e3 Bb4 5. Qc2 O-O 6. Nd5 Be7 7. a3 a5 8. b3 d6 9. Ng5 g6 10. h4 h5 11. Bd3 Kg7 12. Bb2 Be6 13. Bxg6 Bxd5 14. cxd5 Nxd5 15. Bxh5 Bxg5 16. hxg5 Qxg5 17.
Bf3 Nf6 18. O-O-O Rh8 19. Kb1 Qg6 20. Qxg6+ Kxg6 21. d3 d5 22. Kc2 Kg7 23. Kd2 Rad8 24. Ke2 Rde8 25. g3 Rd8 26. Bg2 Rde8 27. Rc1 Rd8 28.
Ba1 Rxh1 29. Bxh1 Rd7 30. Bg2 Kf8 31. f4 Re7 32. fxe5 Nxe5 33. Bxe5 Rxe5 34. Rxc7 d4 35. e4 Rb5 36. e5 Rxe5+ 37. Kf2 Rf5+ 38. Kg1 b5 39. Ra7 b4 40. axb4 axb4 41. Rb7 Nd5 42. Bxd5 Rxd5 43. Rxb4 Kg7 44. Kg2 Kf6 45. Kf3 Ke5 46.
Rc4 f5 47. Rb4 Rc5 48. Rb8 Rc3 49. Ke2 Rc2+ 50. Kf3 Rd2 51. Rb5+ Kf6 52. b4 Rxd3+ 53. Kf4 Ke6 54. Re5+ Kd6 55. Rxf5 Rb3 56. b5 d3 57.
Ke4 d2 58. Rd5+ Ke6 59. Rxd2 Rxg3 60. Rd8 Rb3 61. Rb8 Kd6 62. Kd4 Rb1 63. Rd8+ Kc7 64.
Rd5 Kb6 65. Kc4 Rc1+ 66. Kb4 Rb1+ 67. Ka4 Ra1+ 68. Kb4 Rb1+ 69. Kc3 Rc1+ 70. Kb3 Rc5 71. Rxc5 Kxc5 72. Ka4 Kb6 73. Kb4 Kb7 74. Kc4 Kb6 75. Kb4 Kb7 76. Kc5 Kc7 77. b6+ Kb7 78. Kb5 Kb8 79. Kc4 Kb7 80. Kc5 Kb8 81. Kb5 Kb7 82. Ka5 Kb8 83. Ka6 Ka8 84. Kb5 Kb7 85. Kc5 Kb8 86. Kc6 Kc8 87. b7+ Kb8 88. Kb6 1/2-1/2